 Dungeon Crawl Stone Soup version 0.27-a0-1188-g73eefd5def (webtiles) character file.

Game seed: 5924250009074931503

500 freelancePsychic the Vandal (level 6, 0/51 HPs)
             Began as a Mummy Hunter on May 20, 2021.
             Was a Believer of Yredelemnul.
             Slain by a hound (2 damage)
             ... on level 5 of the Dungeon.
             The game lasted 00:10:07 (3334 turns).

freelancePsychic the Vandal (Mummy Hunter)          Turns: 3334, Time: 00:10:08

Health: 0/51       AC:  8    Str: 23    XL:     6   Next: 94%
Magic:  6/6        EV:  8    Int: 10    God:    Yredelemnul [**....]
Gold:   114        SH:  0    Dex: 13    Spells: 5/5 levels left

rFire    x . .     SeeInvis .   b - +0 short sword
rCold    + . .     Faith    .   (no shield)
rNeg     + + +     Spirit   .   g - +0 chain mail
rPois    ∞         Reflect  .   (no helmet)
rElec    .         Harm     .   (no cloak)
rCorr    .         Rampage  .   (no gloves)
Will     .....                  (no boots)
Stlth    ..........             (no amulet)
HPRegen  0.17/turn              i - +6 ring of strength
MPRegen  0.10/turn              (no ring)

@: no status effects
A: cold resistance 1, negative energy resistance 3, torment resistance 2, heat
vulnerability 1, no potions
a: Renounce Religion, Animate Remains, Recall Undead Slaves, Injury Mirror


You were on level 5 of the Dungeon.
You worshipped Yredelemnul.
Yredelemnul was pleased with you.
You visited 1 branch of the dungeon, and saw 5 of its levels.

You collected 114 gold pieces.

Inventory:

Hand Weapons
 a - a +2 hunting sling of flaming
 b - a +0 short sword (weapon)
Armour
 c - a +1 leather armour
 g - a +0 chain mail (worn)
Jewellery
 f - a ring of resist corrosion
 i - a +6 ring of strength (left hand)
Scrolls
 j - a scroll of enchant armour


   Skills:
 + Level 5.2 Fighting
 + Level 5.4 Slings
 - Level 1.5 Dodging
 - Level 0.7 Stealth
 - Level 1.0 Invocations


You had 5 spell levels left.
You didn't know any spells.
Your spell library was empty.

Dungeon Overview and Level Annotations

Branches:
Dungeon (5/15)
 Temple: D:4-7

Altars:
Fedhas
Trog
Uskayaw
Yredelemnul
Zin

Annotations:
D:3 exclusion: oklob plant
D:4 Edmund, Eustachio


Innate Abilities, Weirdness & Mutations

You are immune to poison.
Your flesh is cold resistant. (rC+)
You are immune to negative energy. (rN+++)
You are immune to unholy pain and torment.
You are vulnerable to heat. (rF-)
You do not drink.


Message History

You hit the hound.
The hound is heavily wounded.
The hound barely misses you.
The iguana hisses menacingly.
You hit the hound.
The hound is almost dead.
The hound bites you but does no damage. x2; The iguana closely misses you.
Okay, then.
You barely miss the hound.
The hound is almost dead.
The hound closely misses you. The iguana barely misses you.
Your chain mail prevents you from hitting the hound.
The hound is almost dead.
The hound bites you. The hound bites you but does no damage.
The iguana bites you but does no damage.
You closely miss the hound.
The hound is almost dead.
The hound barely misses you. The iguana bites you.
The hound bites you but does no damage.
Your chain mail prevents you from hitting the hound.
The hound is almost dead.
The hound bites you.
* * * LOW HITPOINT WARNING * * *
The iguana bites you!
* * * LOW HITPOINT WARNING * * *
The hound barely misses you.
You barely miss the hound.
The hound is almost dead.
The iguana barely misses you. The hound bites you but does no damage.
You barely miss the hound.
The hound is almost dead.
The hound bites you but does no damage. The iguana barely misses you.
The hound bites you but does no damage.
You hit the hound.
The hound is almost dead.
The hound completely misses you. The iguana bites you.
* * * LOW HITPOINT WARNING * * *
The hound bites you.
You die...
Yredelemnul claims you as an undead slave.

..../ .... ...#
... #. ..##...
##.......
#######l.......
......h@......#
...######.....#
...## ..# ##


You could see an iguana and a hound.

Vanquished Creatures
  Grinder (D:3)
  4 wights (D:3)
  An orc priest (D:3)
  A hound (D:4)
  An orc wizard (D:3)
  2 adders (D:3)
  3 worms
  2 dart slugs (D:3)
  5 orcs (D:3)
  7 bats
  7 endoplasms
  3 giant cockroaches
  5 goblins
  A hobgoblin (D:1)
  3 jackals (D:3)
  A quokka (D:1)
  7 ball pythons
  4 frilled lizards
  A kobold (D:3)
  5 rats
64 creatures vanquished.

Vanquished Creatures (others)
  2 bat zombies
  An adder zombie (D:3)
  A dart slug zombie (D:3)
  A giant cockroach zombie (D:4)
  A kobold zombie (D:3)
  2 orc zombies (D:3)
  A plant (D:3)
9 creatures vanquished.

Grand Total: 73 creatures vanquished

Notes
Turn   | Place    | Note
-------+----------+-------------------------------------------
     0 | D:1      | freelancePsychic the Mummy Hunter began the quest for the
                  | Orb.
     0 | D:1      | Reached XP level 1. HP: 16/16 MP: 1/1
   104 | D:1      | Found a faded altar of an unknown god.
   112 | D:1      | Became a worshipper of Yredelemnul the Dark
   112 | D:1      | Reached * piety under Yredelemnul
   233 | D:1      | Reached XP level 2. HP: 23/23 MP: 2/2
   730 | D:2      | Reached XP level 3. HP: 28/28 MP: 0/3
   848 | D:2      | Reached skill level 1 in Invocations
  1146 | D:2      | Reached ** piety under Yredelemnul
  1691 | D:3      | Found a blossoming altar of Fedhas.
  1711 | D:3      | Noticed an oklob plant
  1786 | D:3      | Found a bloodstained altar of Trog.
  1793 | D:3      | Reached XP level 4. HP: 35/35 MP: 4/4
  1807 | D:3      | Found a hide-covered altar of Uskayaw.
  1933 | D:3      | Noticed Grinder
  1952 | D:3      | Paralysed by Grinder for 3 turns
  1971 | D:3      | Killed Grinder
  1972 | D:3      | Reached XP level 5. HP: 22/42 MP: 5/5
  2158 | D:3      | Reached XP level 6. HP: 49/49 MP: 6/6
  2567 | D:3      | Reached skill level 5 in Slings
  2591 | D:3      | Reached skill level 5 in Fighting
  2879 | D:4      | Noticed Eustachio
  3302 | D:4      | Noticed Edmund
  3321 | D:5      | Entered Level 5 of the Dungeon
  3334 | D:5      | HP: 2/51 [iguana (3)]
  3334 | D:5      | Slain by a hound

Illustrated notes

Levels and vault maps discovered:
D:1:      wander_arrival_chamber, layout_loops_ring,
          ebering_ecumenical_altar_mist, minivault_19, minmay_vboxes
D:2:      layout_loops_ring, minmay_split_cup_small
D:3:      layout_loops_ring, tgw_fedhas, grunt_temple_overflow_open,
          uniq_grinder
D:4:      layout_basic, general_overflow_altar, uniq_eustachio, uniq_edmund
D:5:      layout_layer_cave, nicolae_overflow_hidden_temple,
          lemuel_crystal_altar, portal_sewer_entry_b, kennysheep_generic_room_11

Skill      XL: |  1  2  3  4  5  6 |
---------------+-------------------+-----
Invocations    | 1 |  1.0
Slings         | 4 5 |  5.4
Fighting       | 3 4 5 |  5.2
Dodging        | |  1.5
Stealth        | |  0.7

Action                   |  1- 3 |  4- 6 || total
-------------------------+-------+-------++-------
Melee: Short sword       |       |    36 ||    36
 Fire: Hunting sling     |   111 |    87 ||   198
Invok: Animate Remains   |     9 |     4 ||    13
       Recall Undead Sla |       |     1 ||     1
  Use: Scroll            |     3 |     5 ||     8
Armor: Leather armour    |     2 |       ||     2
       Chain mail        |    18 |    45 ||    63
Dodge: Dodged            |    24 |    34 ||    58

Table legend: (Time is in decaauts)
 A = Elapsed time spent in this place.
 B = Non-inter-level travel time spent in this place.
 C = Inter-level travel time spent in this place.
 D = Time resting spent in this place.
 E = Time spent auto-exploring this place.
 F = Levels seen in this place.
 G = Mean time per level.
                   A        B        C        D        E       F      G
               +--------+--------+--------+--------+--------+-----+--------+
         Total |   3341 |   3228 |    113 |    475 |   2136 |   5 |  668.2 |
       Dungeon |   3341 |   3228 |    113 |    475 |   2136 |   5 |  668.2 |
               +--------+--------+--------+--------+--------+-----+--------+

Top non-repeatable levels by time:
     D:3: 1376 daAuts
     D:2: 818 daAuts
     D:1: 671 daAuts
     D:4: 460 daAuts
     D:5: 13 daAuts
